 Dungeon Crawl Stone Soup version 0.28.0 (webtiles) character file.

Game seed: 16602948500927514436

4873 Akaron the Thaumaturge (level 10, -20/60 HPs)
             Began as an Octopode Fire Elementalist on Feb 13, 2022.
             Was a Follower of Vehumet.
             Demolished by a two-headed ogre (25 damage)
             ... on level 8 of the Dungeon.
             The game lasted 00:31:53 (12167 turns).

Akaron the Thaumaturge (OpFE)                      Turns: 12167, Time: 00:31:56

Health: -20/60     AC:  1    Str:  8    XL:     10   Next: 50%
Magic:  17/23      EV: 13    Int: 28    God:    Vehumet [*.....]
Gold:   527        SH:  0    Dex: 12    Spells: 15/28 levels left

rFire   + . .      SeeInvis .   k - staff of fire
rCold   . . .      Faith    .   (no shield)
rNeg    . . .      Spirit   .   (helmet restricted)
rPois   .          Reflect  .   (no amulet)
rElec   .          Harm     .   h - +6 ring of intelligence
rCorr   .          Rampage  .   n - ring of wizardry
Will    .....                   (no ring)
Stlth   ++++......              (no ring)
HPRegen 0.20/turn               (no ring)
MPRegen 0.18/turn               (no ring)
                                (no ring)
                                (no ring)

@: no status effects
A: almost no armour, amphibious, 8 rings, camouflage 1, gelatinous body 1,
(nimble swimmer 1), tentacles
a: Renounce Religion


You were on level 8 of the Dungeon.
You worshipped Vehumet.
Vehumet was aware of your devotion.
You visited 2 branches of the dungeon, and saw 9 of its levels.
You also visited: Sewer.

You collected 527 gold pieces.

Inventory:

Hand Weapons
 s - a +2 flail of protection
Magical Staves
 g - a staff of conjuration
 k - a staff of fire (weapon)
Jewellery
 h - a +6 ring of intelligence (left tentacle)
 n - a ring of wizardry (right tentacle)
 y - an amulet of faith
 I - a ring of flight
 J - an amulet of magic regeneration
Wands
 v - a wand of polymorph (4)
 w - a wand of digging (6)
 E - a wand of flame (47)
 G - a wand of acid (4)
 H - a wand of paralysis (5)
Scrolls
 a - 3 scrolls of magic mapping
 b - 2 scrolls of identify
 d - 5 scrolls of teleportation
 f - 5 scrolls of noise
 i - 2 scrolls of brand weapon {unknown}
 o - a scroll of amnesia {unknown}
 q - a scroll of vulnerability {unknown}
 t - a scroll of enchant weapon {unknown}
 B - a scroll of holy word {unknown}
 C - a scroll of immolation {unknown}
 D - 2 scrolls of fog {unknown}
 F - 3 scrolls of blinking
Potions
 c - 4 potions of curing
 e - 3 potions of haste
 j - 3 potions of heal wounds
 l - a potion of degeneration {unknown}
 m - a potion of brilliance {unknown}
 p - a potion of resistance {unknown}
 r - a potion of mutation {unknown}
 u - 2 potions of magic
 x - 2 potions of might
 z - a potion of flight {unknown}
 A - a potion of lignification {unknown}


   Skills:
 + Level 1.9 Fighting
 + Level 1.1 Staves
 + Level 2.8 Dodging
 + Level 5.0 Stealth
 + Level 0.4 Unarmed Combat
 + Level 9.7 Spellcasting
 + Level 4.4 Conjurations
 + Level 9.6 Fire Magic


You had 15 spell levels left.
You knew the following spells:

 Your Spells              Type           Power      Damage    Failure   Level
a - Foxfire               Conj/Fire      100%       2x1d9     1%          1
b - Scorch                Fire           100%       2d10      1%          2
c - Conjure Flame         Conj/Fire      68%        6-21      1%          3
d - Flame Wave            Conj/Fire      68%        2d13      1%          4
e - Inner Flame           Hex/Fire       57%        N/A       1%          3

Your spell library contained the following spells:

 Spells                   Type           Power      Damage    Failure   Level
 Freeze                   Ice            52%        1d7       1%          1
 Summon Small Mammal      Summ           52%        N/A       1%          1
 Ignite Poison            Fire/Tmut/Pois 47%        N/A       1%          3
 Mephitic Cloud           Conj/Pois/Air  21%        N/A       2%          3
 Call Canine Familiar     Summ           13%        N/A       4%          3
 Summon Guardian Golem    Hex/Summ       13%        N/A       4%          3
 Freezing Cloud           Conj/Ice/Air   10%        6-21      26%         5


Dungeon Overview and Level Annotations

Branches:
Dungeon (8/15)             Temple (1/1) D:5           Sewer (visited)
   Lair: D:8-11

Altars:
Ashenzari
Cheibriados
Dithmenos
Elyvilon
Fedhas
Hepliaklqana
Kikubaaqudgha
Makhleb
Nemelex Xobeh
Okawaru
Qazlal
Ru
Sif Muna
Trog
Uskayaw
Vehumet
Wu Jian
Xom
Yredelemnul
Zin

Shops:
D:7 !


Innate Abilities, Weirdness & Mutations

You cannot wear most types of armour.
You are amphibious.
You can wear up to eight rings at the same time.
Your skin changes colour to match your surroundings (Stealth+).
Your rubbery body absorbs attacks. (AC +1, EV +1)
((You are camouflaged when in or above water. (Stealth+)))
You have tentacles for arms and can constrict up to eight enemies at once.


Message History

There is a stone staircase leading down, spattered with blood here.
You start resting.
Magic restored.
You start resting.
HP restored.
There is an open door here.
Things that are here:
+0 swamp dragon scales; a +1 morningstar of flaming
There is a stone staircase leading down here.
You climb downwards.
Found a scratched brass ring, a dagger and a dented peridot amulet.
There is a stone staircase leading up here.
Found 8 gold pieces.
Found a stone staircase leading down.
A two-headed ogre comes into view.
It is wielding a +0 giant spiked club and a +0 giant club.
You see here a ring of flight.
I - a ring of flight You see here a +0 dagger.
The two-headed ogre shouts in stereo!
You see here an amulet of magic regeneration.
J - an amulet of magic regeneration
Casting: Flame Wave (dangerous; 1% risk of failure)
Confirm with . or Enter, or press ? or * to list all spells.
Casting: Flame Wave (dangerous; 1% risk of failure)
Press: ? - help, Dir - look around, f - activate You feel a surge of power!
A wave of flame ripples out! (Press . to intensify the flame waves.)
A wave of flame ripples out!
The flame wave engulfs the two-headed ogre.
The two-headed ogre is lightly wounded.
The two-headed ogre hits you with a +0 giant spiked club!!
The two-headed ogre hits you with a +0 giant club!
A wave of flame ripples out!
The flame wave engulfs the two-headed ogre!
The two-headed ogre is moderately wounded.
You finish channelling waves of flame.
The two-headed ogre hits you with a +0 giant spiked club!!
* * * LOW HITPOINT WARNING * * *
The two-headed ogre hits you with a +0 giant club!!
You die...

..## #.#.#.# ...
#.#... #
#.#####.....
##.#..<##...#
......#......#
###..........#
#.....#....## ##
#.......)...##...##
#..####....@......#
#.. #....O.......
#. #............. .
...............
...>.....$.....#
.######...##.....
#.... ...#. ..###
####


You could see a two-headed ogre.

Vanquished Creatures
  Pikel (D:4)
  Maggie (D:7)
  Prince Ribbit (D:6)
  Grinder (D:3)
  5 yaks
  A steam dragon (D:6)
  Menkaure (D:5)
  Edmund (D:4)
  Duvessa (D:6)
  2 water moccasins
  A sky beast (D:5)
  An ice beast (D:5)
  A necrophage (D:6)
  A centaur (D:5)
  2 ogres
  A lemure (D:4)
  3 kobold brigands (Sewer)
  A bullfrog (D:7)
  2 scorpions
  A wyvern zombie (D:6)
  3 water moccasin skeletons
  Dowan (D:6)
  A wight (D:4)
  A crimson imp (D:6)
  3 centaur zombies
  3 jellies
  7 hounds
  Crazy Yiuf (D:3)
  An orc priest (D:4)
  2 iguanas
  A bullfrog skeleton (D:6)
  Natasha (thrice) (D:2)
  A scorpion zombie (D:5)
  2 orc wizards (D:7)
  A killer bee zombie (D:7)
  A hound zombie (D:5)
  A howler monkey zombie (D:5)
  6 gnolls
  A howler monkey skeleton (D:5)
  12 adders
  2 white imps
  An adder skeleton (D:4)
  5 worms
  3 dart slugs
  23 orcs
  8 ball pythons
  6 endoplasms
  4 giant cockroaches
  7 goblins
  8 hobgoblins
  3 jackals (D:5)
  4 quokkas
  11 bats
  6 frilled lizards
  14 kobolds
  A quokka skeleton (D:3)
  14 rats
  A butterfly (D:5)
202 creatures vanquished.

Vanquished Creatures (collateral kills)
  7 foxfires
7 creatures vanquished.

Vanquished Creatures (others)
  A yak (D:8)
  A quokka (D:5)
  288 foxfires
  2 fungi (Sewer)
  5 plants (Sewer)
297 creatures vanquished.

Grand Total: 506 creatures vanquished

Notes
Turn   | Place    | Note
-------+----------+-------------------------------------------
     0 | D:1      | Akaron the Octopode Fire Elementalist began the quest for
                  | the Orb.
     0 | D:1      | Reached XP level 1. HP: 11/11 MP: 3/3
   191 | D:1      | Reached XP level 2. HP: 17/17 MP: 0/5
   248 | D:1      | Learned a level 2 spell: Scorch
   652 | D:1      | Reached XP level 3. HP: 21/21 MP: 3/6
   682 | D:1      | Found a faded altar of an unknown god.
  1717 | D:2      | Learned a level 3 spell: Conjure Flame
  1749 | D:2      | Noticed Natasha
  1755 | D:2      | Killed Natasha
  1756 | D:2      | Reached XP level 4. HP: 14/27 MP: 2/8
  2122 | D:2      | Noticed Natasha
  2126 | D:2      | Killed Natasha
  2361 | D:2      | Noticed Natasha
  2369 | D:2      | Killed Natasha
  2370 | D:2      | Reached XP level 5. HP: 17/31 MP: 3/9
  2759 | D:3      | Learned a level 4 spell: Flame Wave
  2811 | D:3      | Found a shadowy altar of Dithmenos.
  2817 | D:3      | Noticed Grinder
  2821 | D:3      | Killed Grinder
  2822 | D:3      | Reached XP level 6. HP: 25/36 MP: 1/12
  3045 | D:3      | Reached skill level 1 in Fighting
  3524 | D:3      | Found a runed translucent door.
  3525 | D:3      | Noticed Crazy Yiuf
  4023 | D:3      | Killed Crazy Yiuf
  4024 | D:3      | Reached XP level 7. HP: 12/43 MP: 5/13
  4495 | D:4      | Reached skill level 5 in Fire Magic
  4532 | D:4      | Noticed Pikel
  4542 | D:4      | Found a glowing drain.
  4558 | Sewer    | Entered a sewer
  5533 | D:4      | Killed Pikel
  5534 | D:4      | Reached skill level 5 in Spellcasting
  5534 | D:4      | Reached XP level 8. HP: 16/48 MP: 0/16
  5881 | D:4      | Noticed Edmund
  5896 | D:4      | Killed Edmund
  6140 | D:4      | Learned a level 3 spell: Inner Flame
  6809 | D:5      | Entered Level 5 of the Dungeon
  7111 | D:5      | Noticed Menkaure
  7120 | D:5      | Killed Menkaure
  7121 | D:5      | Reached XP level 9. HP: 42/53 MP: 9/19
  7245 | D:5      | Found a white marble altar of Elyvilon.
  7884 | D:5      | Found a staircase to the Ecumenical Temple.
  7890 | Temple   | Entered the Ecumenical Temple
  8135 | Temple   | Became a worshipper of Vehumet
  9259 | D:6      | Noticed Prince Ribbit
  9265 | D:6      | Killed Prince Ribbit
  9648 | D:6      | Noticed Dowan
  9655 | D:6      | Noticed Duvessa
  9674 | D:6      | Killed Dowan
  9679 | D:6      | HP: 1/53 [Duvessa (6)]
  9920 | D:6      | Reached skill level 5 in Stealth
  9920 | D:6      | Reached XP level 10. HP: 59/59 MP: 5/22
 10450 | D:6      | Killed Duvessa
 10772 | D:7      | Identified the +9 dagger of Lot Dips {vorpal, *Noise Will++
                  | rCorr Stlth+}
 10902 | D:7      | Found Hical's Distillery.
 10903 | D:7      | Noticed Maggie
 10912 | D:7      | Killed Maggie
 11046 | D:7      | Reached * piety under Vehumet
 11046 | D:7      | Offered knowledge of Freeze by Vehumet.
 11084 | D:7      | Reached skill level 1 in Staves
 12158 | D:8      | Noticed a two-headed ogre
 12167 | D:8      | Demolished by a two-headed ogre

Illustrated notes

Levels and vault maps discovered:
D:1:      denvon_arrival_hothouse, layout_rooms,
          dilly_ecumenical_altar_fadedgnrine, chequers_mini_garden,
          bh_walls_and_bars
D:2:      layout_basic, minmay_tall_x, uniq_natasha
D:3:      layout_basic, grunt_dithmenos_smoke_and_mirrors, serial_corexii_hall,
          chequers_hall_statues_corner_a, corexii_hall_statues_t, uniq_grinder,
          uniq_crazy_yiuf_cottage
D:4:      minmay_wonky_spiral, layout_cave_pools, cheibrodos_sewer_entry_bend,
          kennysheep_pointless_box, corexii_corridor_pit,
          hangedman_abyss_or_decor_slice, uniq_pikel, uniq_edmund
D:5:      minmay_razor_zed, layout_loops_ring, elyvilon_altar_4,
          minmay_temple_entry_butterflies, uniq_menkaure
D:6:      layout_cave_pods, hangedman_decor_riveting, roderic_roman_lattice,
          minivault_19, minmay_fire_ice_demons, uniq_duvessa,
          uniq_prince_ribbit1
D:7:      layout_gridville, serial_shops, shop, uniq_maggie
D:8:      layout_rooms, uniq_maurice
Temple:   dpeg_five_rooms_temple

Skill      XL: |  1  2  3  4  5  6  7  8  9 10 |
---------------+-------------------------------+-----
Stealth        | 3 4 5 |  5.0
Fire Magic     | 4 6 7 8 9 |  9.6
Spellcasting   | 3 4 5 7 8 9 |  9.7
Conjurations   | 2 3 4 |  4.4
Fighting       | 1 |  1.9
Staves         | 1 |  1.1
Dodging        | |  2.8
Unarmed Combat | |  0.4

Action                   |  1- 3 |  4- 6 |  7- 9 | 10-12 || total
-------------------------+-------+-------+-------+-------++-------
Melee: Unarmed           |    13 |       |       |       ||    13
       Constrict         |     4 |     1 |     4 |     1 ||    10
       Tentacles         |     3 |     1 |     3 |     4 ||    11
       Staff             |       |     3 |    12 |     7 ||    22
 Cast: Foxfire           |    51 |    42 |    76 |       ||   169
       Scorch            |    14 |    26 |   141 |    40 ||   221
       Conjure Flame     |       |     2 |     2 |       ||     4
       Flame Wave        |       |       |     4 |    15 ||    19
  Use: Scroll            |       |     2 |     6 |     2 ||    10
       Potion            |       |       |     1 |     1 ||     2
Armor: Skin              |     8 |     1 |     2 |     5 ||    16
Dodge: Dodged            |    25 |     6 |    43 |    30 ||   104
